 Dungeon Crawl Stone Soup version 0.27.1-33-g824d729ab1 (webtiles) character file.

Game seed: 8315536257201363538

5 Descartes the Grasshopper (level 1, -1/9 HPs)
             Began as a Felid Warper on Nov 25, 2021.
             Slain by an adder (4 damage)
             ... on level 2 of the Dungeon.
             The game lasted 00:00:38 (484 turns).

Descartes the Grasshopper (Felid Warper)             Turns: 484, Time: 00:00:39

Health: -1/9       AC:  1    Str:  7    XL:     1   Next: 66%
Magic:  4/4        EV: 18    Int: 14    God:
Gold:   21         SH:  0    Dex: 15    Spells: 4/4 levels left
                                        Lives:  0   Deaths: 0

rFire    . . .     SeeInvis +     - Unarmed
rCold    . . .     Faith    .   (shield unavailable)
rNeg     . . .     Spirit   .   (armour unavailable)
rPois    .         Reflect  .   (helmet unavailable)
rElec    .         Harm     .   (cloak unavailable)
rCorr    .         Rampage  .   (gloves unavailable)
Will     .....                  (boots unavailable)
Stlth    +.........             (no amulet)
HPRegen  0.03/turn              (no ring)
MPRegen  0.09/turn              (no ring)

@: quick
A: very small, claws 1, fangs 3, see invisible, speed 1, shaggy fur 1, stealthy
paws, no weapons or thrown items, no armour, multi-lived
a: no special abilities


You were on level 2 of the Dungeon.
You visited 1 branch of the dungeon, and saw 2 of its levels.

You collected 21 gold pieces.

Inventory:

Missiles
 c - 21 stones
Scrolls
 a - a scroll of blinking
 b - a scroll of enchant armour {unknown}


   Skills:
 - Level 2.0 Fighting
 * Level 3.6 Dodging
 + Level 2.1 Unarmed Combat
 - Level 2.0 Spellcasting
 - Level 4.4 Translocations


You had 4 spell levels left.
You didn't know any spells.
Your spell library contained the following spells:

 Spells                   Type           Power      Damage    Failure   Level
 Blink                    Tloc           N/A        N/A       6%          2
 Gell's Gravitas          Tloc           6%         N/A       12%         3
 Lesser Beckoning         Tloc           6%         N/A       12%         3
 Teleport Other           Tloc           13%        N/A       12%         3
 Manifold Assault         Tloc           13%        N/A       73%         5


Dungeon Overview and Level Annotations

Branches:
Dungeon (1/15)

Altars:


Innate Abilities, Weirdness & Mutations

You have sharp claws.
You have razor-sharp teeth.
You have supernaturally acute eyesight. (SInv)
You cover ground quickly. (Speed+)
You are covered in fur. (AC +1)
Your paws help you pounce on unaware monsters.
You are incapable of wielding weapons or throwing items.
You cannot wear armour.
You gain extra lives every three experience levels.


Message History

No target in view!
No target in view!
No target in view!
No target in view!
No target in view!
No target in view!
c - 21 stones An endoplasm comes into view.
The endoplasm quivers.
Found a scroll labelled UFFUTS XAKHI.
You fall into a shaft and drop 1 floor!
The shaft crumbles and collapses.
An adder comes into view.
The adder hisses angrily.
The adder closely misses you.
You miss the adder. You claw the adder, but do no damage. The adder bites you.
You scratch the adder. Your bite misses the adder.
The adder is lightly wounded.
The adder completely misses you.
You scratch the adder but do no damage.
The adder is lightly wounded.
The adder misses you.
You scratch the adder.
The adder is heavily wounded.
The adder barely misses you. The adder bites you.
You are too injured to fight recklessly!
You are too injured to fight recklessly!
You scratch the adder but do no damage. Your bite misses the adder.
The adder is heavily wounded.
The adder closely misses you.
You scratch the adder.
The adder is severely wounded.
The adder completely misses you.
You closely miss the adder. You bite the adder, but do no damage.
The adder is severely wounded.
The adder completely misses you.
You closely miss the adder.
The adder is severely wounded.
The adder barely misses you. The adder bites you.
You die...

########
#......#
#......#
#......#
#......#
#.....S#
+....@.+
#......#
########


You could see an adder.

Vanquished Creatures
  A ball python (D:1)
  2 bat zombies (D:1)
  An endoplasm (D:1)
4 creatures vanquished.

Notes
Turn   | Place    | Note
-------+----------+-------------------------------------------
     0 | D:1      | Descartes the Felid Warper began the quest for the Orb.
     0 | D:1      | Reached XP level 1. HP: 9/9 MP: 4/4
   475 | D:1      | You fall into a shaft and drop 1 floor!
   484 | D:2      | Slain by an adder

Illustrated notes

Levels and vault maps discovered:
D:1:      saegor_arrival_fortress, layout_basic,
          shapermc_ecumenical_altar_starsandcircs
D:2:      layout_basic

Action                   || total
-------------------------++-------
Melee: Unarmed           ||    19
       Punch             ||     1
       Bite              ||     1
Armor: Skin              ||     2
Dodge: Dodged            ||    24
